 Dungeon Crawl Stone Soup version 0.31.0-9-g3a7656b989 (webtiles) character file.

Game seed: 7158801650599828629

8132 Peloso the Blocker (level 11, -10/95 HPs)
             Began as a Minotaur Fighter on Jan 30, 2024.
             Was an Elder of Okawaru.
             Mangled by a two-headed ogre
             ... wielding a +0 giant spiked club
              (14 damage)
             ... on level 10 of the Dungeon.
             The game lasted 00:31:22 (10005 turns).

Peloso the Blocker (Minotaur Fighter)              Turns: 10005, Time: 00:31:23

Health: -10/95     AC: 14    Str: 20    XL:     11   Next: 5%
Magic:  10/10      EV:  6    Int:  5    God:    Okawaru [****..]
Gold:   496        SH: 17    Dex: 15    Spells: 10/10 levels left

rFire   . . .        a - +0 long sword
rCold   . . .        d - +0 tower shield
rNeg    . . .        r - +0 plate armour
rPois   .            (helmet restricted)
rElec   .            (no cloak)
rCorr   .            (no gloves)
SInv    .            (no boots)
Will    .....        (no amulet) Stlth
                     (no ring)
HPRegen 0.35/turn    (no ring)
MPRegen 0.12/turn

%: no passive effects
@: on berserk cooldown, slowed, very slow
A: horns 2, retaliatory headbutt
a: Renounce Religion, Heroism, Finesse


You were on level 10 of the Dungeon.
You worshipped Okawaru.
Okawaru was greatly pleased with you.
You visited 2 branches of the dungeon, and saw 11 of its levels.

You collected 496 gold pieces.

Inventory:

Hand Weapons
 a - a +0 long sword (weapon)
 b - the +6 hammer "Pont" {heavy, rElec rPois MP+9}
   (You found it on level 4 of the Dungeon)

   rElec:     It insulates you from electricity.
   rPois:     It protects you from poison MP+9: It affects your magic capacity
   (+9).
Armour
 c - a +0 buckler
 d - a +0 tower shield (worn)
 r - a +0 plate armour (worn)
 t - a +0 scale mail
 z - a +0 chain mail
Jewellery
 p - a ring of magical power
 x - a ring of protection from cold
 D - a ring of resist corrosion
Wands
 u - a wand of digging (2)
 y - a wand of polymorph (3)
 C - a wand of roots (9)
 E - a wand of paralysis (7)
Scrolls
 e - 2 scrolls of amnesia {unknown}
 f - 2 scrolls of torment {unknown}
 g - a scroll of noise {unknown}
 h - 2 scrolls of enchant armour {unknown}
 i - 2 scrolls of teleportation {unknown}
 j - 2 scrolls of blinking {unknown}
 m - a scroll of silence {unknown}
 q - 2 scrolls of enchant weapon {unknown}
 v - 2 scrolls of vulnerability {unknown}
 B - a scroll of revelation {unknown}
Potions
 k - 4 potions of heal wounds
 l - 2 potions of curing {unknown}
 n - a potion of invisibility
 o - a potion of haste
 s - a potion of berserk rage
 w - a potion of mutation {unknown}
 A - a potion of enlightenment {unknown}
 F - a potion of brilliance {unknown}


   Skills:
 + Level 8.5 Fighting
 + Level 11.6 Long Blades
 + Level 9.2 Armour
 + Level 3.7 Dodging
 + Level 1.3 Stealth
 + Level 11.9 Shields
 + Level 0.8 Invocations
 + Level 1.2 Evocations


You had 10 spell levels left.
You didn't know any spells.
Your spell library contained the following spells:

 Spells                   Type           Power      Damage    Failure   Level
 Shock                    Conj/Air       0%         1d3       100%        1
 Mercury Vapours          Alch/Air       0%         N/A       100%        2
 Hailstorm                Conj/Ice       0%         3d5       100%        3
 Mephitic Cloud           Conj/Alch/Air  0%         N/A       100%        3
 Swiftness                Air            0%         N/A       100%        3
 Airstrike                Air            0%         2d(0-16)  100%        4
 Freezing Cloud           Conj/Ice/Air   0%         6-21      100%        5
 Orb of Destruction       Conj           0%         9d5       100%        7
 Summon Ice Beast         Ice/Summ       Unusable   N/A       N/A         3
 Summon Blazeheart Golem  Fire/Summ      Unusable   N/A       N/A         4
 Sculpt Simulacrum        Ice/Alch       Unusable   N/A       N/A         6
 Spellforged Servitor     Conj/Summ      Unusable   N/A       N/A         7

Dungeon Overview and Level Annotations

Branches:
Dungeon (10/15)            Temple (1/1) D:4            Lair (0/5) D:10
    Orc (0/2) D:10

Altars:
Ashenzari
Cheibriados
Dithmenos
Elyvilon
Fedhas
Gozag
Hepliaklqana
Kikubaaqudgha
Makhleb
Nemelex Xobeh
Okawaru
Qazlal
Ru
Sif Muna
Trog
Uskayaw
Vehumet
Wu Jian
Xom
Yredelemnul
Zin
The Shining One

Annotations:
D:4 2 runed translucent doors, Crazy Yiuf; Tizio's ghost, amateur MiFi
D:7 Jeremiah


Innate Abilities, Weirdness & Mutations

You have a pair of horns on your head.
You reflexively headbutt those who attack you in melee.


Message History

You have reached level 11!
You barely miss the orc wizard.
The centaur shouts!
Unknown command.
Unknown command.
Unknown command.
You hit the orc wizard. Your headbutt misses the orc wizard.
The orc wizard is lightly wounded.
The orc wizard casts a spell.
The orc wizard flickers and vanishes!
Deactivating autopickup; reactivate with Ctrl-A.
Unknown command.
You slash something! Your headbutt misses something.
The centaur wields a +0 orcbow.
The centaur shoots an arrow.
You block the arrow.
You hear some strange, mumbled words.
A puff of flame appears from out of thin air!
The puff of flame hits you!
You miss something. Your headbutt misses something.
You are no longer berserk.
You are exhausted.
You feel yourself slow down.
The centaur shoots an arrow.
The arrow hits you!
* * * LOW HITPOINT WARNING * * *
You closely miss something. You headbutt something. Okawaru accepts your kill.
Reactivating autopickup.
You feel a bit more experienced.
The centaur shoots an arrow.
You block the arrow.
An orc wizard comes into view. It is wielding a +0 dagger.
The howler monkey hoots and howls with incredible vigour!
The two-headed ogre hits you with a +0 giant spiked club!!
* * * LOW HITPOINT WARNING * * *
You block the two-headed ogre's attack.
Items here: ))))) [ ††.
You slash the two-headed ogre!
The two-headed ogre is lightly wounded.
Your attacks no longer feel as feeble.
You block the two-headed ogre's attack.
The two-headed ogre hits you with a +0 giant club!
You die...

##.....##
##.
###.###
## #...##
#. ####.#
#.
##...##
#.
#.###.#
#. #...##
#. ##.##
## #@#
##. #O#
##.. #c#
##..# #g#
#..##


.ch #.... .⌠. #.... ... #.### .#.#. #..## ####..# You could see a two-headed
ogre, 2 centaurs, a gnoll bouda and a howler monkey.

Vanquished Creatures
  3 two-headed ogres (D:10)
  An ugly thing (D:10)
  A kobold demonologist (D:10)
  2 trolls (D:10)
  Sigmund (D:2)
  A vampire (D:10)
  A shadow (D:9)
  A basilisk (D:10)
  4 yaks
  A steam dragon (D:10)
  A vampire mosquito (D:10)
  Edmund (D:6)
  Menkaure (D:5)
  An acid dragon (D:10)
  Duvessa (D:6)
  An ice beast (D:6)
  6 orc warriors
  A black bear (D:4)
  2 ogres
  8 centaurs
  3 phantoms
  3 kobold brigands
  2 bullfrogs
  A gnoll sergeant (D:10)
  2 scorpions
  Dowan (D:6)
  A jelly (D:5)
  5 orc priests
  6 hounds
  2 bombardier beetles
  2 iguanas
  A sleepcap (D:5)
  7 orc wizards
  3 gnolls (D:3)
  19 adders
  2 white imps
  2 ufetubi (D:6)
  5 ribbon worms
  A dart slug (D:3)
  34 orcs
  12 ball pythons
  7 endoplasms
  4 giant cockroaches
  12 goblins
  6 hobgoblins
  3 jackals (D:1)
  9 quokkas
  7 bats
  4 frilled lizards
  20 kobolds
  4 rats
229 creatures vanquished.

Notes
Turn   | Place    | Note
-------+----------+-------------------------------------------
     0 | D:1      | Peloso the Minotaur Fighter began the quest for the Orb.
     0 | D:1      | Reached XP level 1. HP: 19/19 MP: 0/0
   154 | D:1      | Reached XP level 2. HP: 24/27 MP: 1/1
   502 | D:1      | Reached XP level 3. HP: 32/33 MP: 2/2
   949 | D:2      | Reached XP level 4. HP: 25/40 MP: 3/3
  1028 | D:2      | Noticed Sigmund
  1040 | D:2      | Killed Sigmund
  1041 | D:2      | Reached skill level 1 in Dodging
  1041 | D:2      | Reached skill level 5 in Shields
  1041 | D:2      | Reached XP level 5. HP: 26/47 MP: 4/4
  1501 | D:3      | Reached XP level 6. HP: 49/53 MP: 5/5
  1588 | D:3      | Found a basalt altar of Yredelemnul.
  2086 | D:3      | Found a shadowy altar of Dithmenos.
  2090 | D:3      | Found a bloodstained altar of Trog.
  2216 | D:3      | Reached skill level 5 in Long Blades
  2400 | D:3      | You fall into a shaft and drop 1 floor!
  2427 | D:4      | Found a staircase to the Ecumenical Temple.
  2438 | Temple   | Entered the Ecumenical Temple
  2511 | Temple   | Became a worshipper of Warmaster Okawaru
  2638 | D:4      | Reached skill level 5 in Fighting
  2694 | D:4      | Identified the +6 hammer "Pont" {heavy, rElec rPois MP+9}
  2696 | D:4      | Found a runed translucent door.
  2718 | D:4      | Noticed Crazy Yiuf
  2776 | D:4      | Reached XP level 7. HP: 52/61 MP: 6/6
  2822 | D:4      | Reached skill level 5 in Armour
  2909 | D:4      | Found a runed translucent door.
  3391 | D:3      | Found a burning altar of Makhleb.
  3501 | D:3      | Found a sacrificial altar of Ru.
  3847 | D:4      | Noticed Tizio's ghost (amateur MiFi)
  3934 | D:5      | Entered Level 5 of the Dungeon
  4455 | D:5      | Reached * piety under Okawaru
  4525 | D:5      | Reached XP level 8. HP: 59/69 MP: 7/7
  4994 | D:5      | Noticed Menkaure
  5010 | D:5      | Killed Menkaure
  5814 | D:6      | Reached ** piety under Okawaru
  6010 | D:6      | Reached XP level 9. HP: 58/75 MP: 8/8
  6125 | D:6      | Noticed Edmund
  6143 | D:6      | Killed Edmund
  6256 | D:6      | Noticed Duvessa
  6256 | D:6      | Noticed Dowan
  6268 | D:6      | Killed Duvessa
  6280 | D:6      | Killed Dowan
  6747 | D:7      | Noticed Jeremiah
  6859 | D:8      | Reached skill level 1 in Evocations
  7503 | D:9      | Reached skill level 1 in Stealth
  7569 | D:9      | Found an ancient bone altar of Kikubaaqudgha.
  7720 | D:9      | Reached *** piety under Okawaru
  7742 | D:9      | Reached skill level 10 in Long Blades
  8207 | D:9      | Reached XP level 10. HP: 86/86 MP: 9/9
  8552 | D:10     | Entered Level 10 of the Dungeon
  8555 | D:10     | Found a staircase to the Orcish Mines.
  8723 | D:10     | Noticed a green ugly thing
  8772 | D:10     | Killed a green ugly thing
  8773 | D:10     | Reached skill level 10 in Shields
  8923 | D:10     | Found a staircase to the Lair.
  9096 | D:10     | Reached **** piety under Okawaru
  9617 | D:10     | Noticed a two-headed ogre
  9635 | D:10     | Killed a two-headed ogre
  9663 | D:10     | HP: 2/88 [orc warrior/+0 battleaxe (7)]
  9983 | D:10     | Noticed a two-headed ogre
  9984 | D:10     | Noticed a two-headed ogre
  9991 | D:10     | Killed a two-headed ogre
  9991 | D:10     | Noticed a two-headed ogre
  9998 | D:10     | Killed a two-headed ogre
  9999 | D:10     | Reached XP level 11. HP: 53/95 MP: 10/10
 10004 | D:10     | HP: 4/95 [two-headed ogre/+0 giant spiked club (21)]
 10005 | D:10     | Mangled by a two-headed ogre

Illustrated notes

Levels and vault maps discovered:
D:1:      dpeg_arrival_rhombi, layout_loops_ring
D:2:      layout_loops_cross, minivault_19, st_stairs_2, uniq_sigmund
D:3:      wad_woods_settlement, layout_rooms,
          mainiacjoe_overflow_surrounded_room, marbit_many_paths,
          nicolae_dithmenos_the_darkroom, mainiacjoe_overflow_catch_the_wave,
          st_stairs_11, minmay_snake_closets
D:4:      layout_basic, minmay_temple_entry_drinking_statues,
          ebering_ghost_sewer_d, serial_bayou_pond_a,
          chequers_serial_rivers_micro_a, serial_bayou_crossing,
          uniq_crazy_yiuf_cottage
D:5:      layout_basic, kennysheep_generic_room_7, uniq_menkaure
D:6:      layout_loops_ring, uniq_duvessa, uniq_edmund
D:7:      layout_basic, minivault_22, uniq_jeremiah
D:8:      layout_gridville
D:9:      layout_basic, lemuel_doored_altar
D:10:     minmay_the_grid_octo_tiled_octocenter [minmay_the_grid_octo_pinwheel,
          minmay_the_grid_octo_odd_swirl, minmay_the_grid_octo_horde,
          minmay_the_grid_octo_clover, minmay_the_grid_octo_prize_star,
          minmay_the_grid_square_5x5_bridge,
          minmay_the_grid_square_5x5_tri_point,
          minmay_the_grid_square_5x5_six_small,
          minmay_the_grid_square_5x5_corner], layout_basic, lair_entry_dummy,
          orc_0_dummy, uniq_urug
Temple:   minmay_temple_bridge_d

Skill      XL: |  1  2  3  4  5  6  7  8  9 10 |
---------------+-------------------------------+-----
Shields        | 4 5 6 8 9 11 | 11.9
Fighting       | 4 5 6 7 8 |  8.5
Long Blades    | 3 4 5 7 8 10 11 | 11.6
Armour         | 4 5 6 7 9 |  9.2
Dodging        | 1 2 3 |  3.7
Evocations     | 1 |  1.2
Stealth        | 1 |  1.3
Invocations    | |  0.8

Action                     |  1- 3 |  4- 6 |  7- 9 | 10-12 || total
---------------------------+-------+-------+-------+-------++-------
  Melee: Long sword        |    98 |   171 |   459 |   197 ||   925
         Headbutt          |    16 |    23 |   113 |    43 ||   195
 Invoke: Heroism           |       |       |     1 |     8 ||     9
  Evoke: Wand              |       |       |     3 |       ||     3
    Use: Potion            |     2 |     1 |       |     2 ||     5
         Scroll            |       |       |     5 |       ||     5
 Armour: Scale mail        |    57 |   100 |    57 |       ||   214
         Chain mail        |       |       |   117 |       ||   117
         Plate armour      |       |       |    40 |   143 ||   183
  Dodge: Dodged            |    26 |    38 |    85 |    34 ||   183
  Block: Buckler           |     3 |     1 |    11 |       ||    15
         Tower shield      |    76 |   138 |   353 |   193 ||   760
